Workbook
Name _c: #REF!
Name c_3: #REF!
Name c_3_5: #REF!
Name Excel_BuiltIn__FilterDatabase_1: #REF!
Name Excel_BuiltIn__FilterDatabase_1_1: #REF!
Name Excel_BuiltIn__FilterDatabase_1_2: #REF!
Name Excel_BuiltIn__FilterDatabase_1_2_1: "$#REF!.$A$7:$J$20"
Name Excel_BuiltIn__FilterDatabase_1_2_1_1: "$#REF!.$A$7:$J$19"
Name Excel_BuiltIn__FilterDatabase_1_3: #REF!
Name Excel_BuiltIn__FilterDatabase_1_3_1: "$#REF!.$A$7:$J$21"
Name Excel_BuiltIn__FilterDatabase_1_3_1_1: "$#REF!.$A$7:$J$28"
Name Excel_BuiltIn__FilterDatabase_1_3_5: #REF!
Name Excel_BuiltIn__FilterDatabase_1_4: "$#REF!.$A$7:$J$24"
Name Excel_BuiltIn__FilterDatabase_1_4_1: "$#REF!.$A$7:$J$24"
Name Excel_BuiltIn__FilterDatabase_1_5: "$#REF!.$A$7:$J$26"
Name Excel_BuiltIn__FilterDatabase_1_6: "$#REF!.$A$7:$J$10"
Name Excel_BuiltIn__FilterDatabase_1_7: "$#REF!.$A$7:$J$11"
Name Excel_BuiltIn__FilterDatabase_1_8: "$#REF!.$A$7:$J$16"
Name Excel_BuiltIn_Print_Area_1_1: #REF!
Name Excel_BuiltIn_Print_Area_2_1: "$#REF!.$A$1:$I$29"
Name Excel_BuiltIn_Print_Area_2_1_1: "$#REF!.$A$1:$I$23"
Name Excel_BuiltIn_Print_Area_3_1: "$#REF!.$A$1:$I$24"
Name Excel_BuiltIn_Print_Area_4: "$#REF!.$A$1:$I$27"
Name Excel_BuiltIn_Print_Area_6: "$#REF!.$A$1:$I$14"
Name Excel_BuiltIn_Print_Area_7: "$#REF!.$A$1:$I$16"
Name Excel_BuiltIn_Print_Titles_1_1: #REF!
Name Excel_BuiltIn_Print_Titles_2_1: "$#REF!.$A$1:$IV$7"
Name Excel_BuiltIn_Print_Titles_3_1: "$#REF!.$A$1:$IV$7"
Name Excel_BuiltIn_Print_Titles_4: "$#REF!.$A$1:$IV$7"
Name Excel_BuiltIn_Print_Titles_6: "$#REF!.$A$1:$IV$7"
Name Excel_BuiltIn_Print_Titles_7: "$#REF!.$A$1:$IV$7"

Sheet Planilha Sintética
A1: ANEXO XI - MODELO ORÇAMENTO SINTÉTICO (PROPOSTA DE PREÇOS DRENAGEM PLUVIAL CAMPUS JUSCELINO KUBITSCHEK - DIAMANTINA - MG ORÇAMENTO BÁSICO
A2: ITEM | B2: CÓDIGO | C2: DESCRIÇÃO DOS SERVIÇOS | D2: UNID. | E2: QUANT. | F2: PREÇO UNITÁRIO | G2: CUSTO TOTAL
A3: 01.00 | C3: ADMINISTRAÇÃO LOCAL
A4: 01.01 | B4: SETOP - ADM-001 | C4: ADMINISTRAÇÃO LOCAL | D4: MÊS | E4: 1
A5: Subtotal do item 01
A6: 02.00 | C6: MOBILIZAÇÃO E DESMOBILIZAÇÃO
A7: 02.01 | B7: SETOP - MOB-DES-030 | C7: MOBILIZAÇÃO E DESMOBILIZAÇÃO DE OBRA - para obras executadas em centros urbanos ou próximos de centros urbanos | D7: % | E7: 0.0021
A8: Subtotal do item 02
A9: 03.00 | C9: CANTEIRO DE OBRAS
A10: 03.01 | B10: SINAPI - 74209/001 | C10: PLACA DE OBRA EM CHAPA DE ACO GALVANIZADO | D10: m² | E10: 24
A11: 03.02 | B11: SINAPI - 3805/001 | C11: BARRACAO DE OBRA PARA ALOJAMENTO/ESCRITORIO, PISO EM PINHO 3A, PAREDES EM COMPENSADO 10MM, COBERTURA EM TELHA AMIANTO 6MM, INCLUSO INSTALACO ES ELETRICAS E ESQUADRIAS | D11: m² | E11: 172
A12: 03.03 | B12: SINAPI - 74242/001 | C12: BARRACAO DE OBRA EM CHAPA DE MADEIRA COMPENSADA COM BANHEIRO, COBERTURA EM FIBROCIMENTO 4 MM, INCLUSO INSTALACOES HIDRO-SANITARIAS E ELETRICAS | D12: m² | E12: 112
A13: 03.04 | B13: SINAPI - 74210/001 | C13: BARRACAO PARA DEPOSITO EM TABUAS DE MADEIRA, COBERTURA EM FIBROCIMENTO 4 MM, INCLUSO PISO ARGAMASSA TRAÇO 1:6 (CIMENTO E AREIA) | D13: m² | E13: 60
A14: 03.05 | B14: 73750/1 - SINAPI | C14: Pintura barracão de obra com tinta PVA Branco-gelo | D14: m² | E14: 679
A15: 03.06 | B15: SINAPI - 73960/001 | C15: INSTAL/LIGACAO PROVISORIA ELETRICA BAIXA TENSAO P/CANT OBRA OBRA,M3-CHAVE 100A CARGA 3KWH,20CV EXCL FORN MEDIDOR | D15: und | E15: 1
A16: 03.07 | B16: SINAPI - 73659-74218/001-74217/002 | C16: INSTAL/LIGACAO PROVISORIA DE AGUA EXCL FORN MEDIDOR | D16: und | E16: 1
A17: 03.08 | B17: SINAPI - 73784/002 | C17: LIGAÇÃO DE ESGOTO EM TUBO PVC ESGOTO SÉRIE-R DN 150MM, DA CAIXA ATÉ A REDE, INCLUINDO ESCAVAÇÃO E REATERRO ATÉ 1,00M, COMPOSTO POR 13,65M TUBO PVC SÉRIE-R ESGOTO DN 150MM - FORNECIMENTO E INSTALAÇÃO DE | D17: und | E17: 1
A18: 03.09 | B18: IIO-TAP-005 | C18: TAPUME EM CHAPA COMPENSADO DE 12MM E PONTALETES H=2,20M | D18: m² | E18: 660
A19: subtotal do item 03
A20: 04.00 | C20: LOCAÇÃO DA OBRA
A21: 04.01 | B21: SETOP - LOC-TOP-015 | C21: LOCAÇÃO TOPOGRÁFICA ACIMA DE 50 PONTOS | D21: PT | E21: 500
A22: subtotal do item 04
A23: 05.00 | C23: DEMOLIÇÕES/RETIRADAS E RECOMPOSIÇÕES
A24: 05.01 | B24: SINAPI - 72949 | C24: DEMOLICAO DE PAVIMENTACAO ASFALTICA, EXCLUSIVE TRANSPORTE DO MATERIAL RETIRADO | D24: M3 | E24: 1970.41
A25: 05.02 | B25: SINAPI - 73790/3 | C25: RETIRADA, LIMPEZA E REASSENTAMENTO DE PARALELEPIPEDO SOBRE COLCHAO DE PO DE PEDRA ESPESSURA 10CM, REJUNTADO COM ARGAMASSA TRACO 1:3 (CIMENTO E AREIA), CONSIDERANDO APROVEITAMENTO DO PARALELEPIPEDO | D25: M2 | E25: 3990.2
A27: 05.03 | B27: SETOP - URB-MFC-020 | C27: REMOÇÃO E REASSENTAMENTO DE MEIO-FIO PRÉ- MOLDADO DE CONCRETO COM REAPROVEITAMENTO | D27: M | E27: 184
A29: 05.04 | B29: SETOP - DEM-SAR-005 | C29: DEMOLIÇÃO DE SARJETA OU SARJETÃO DE CONCRETO | D29: M2 | E29: 436.1
A30: 05.05 | B30: SETOP - DEM-PIS-040 | C30: DEMOLIÇÃO DE PASSEIO OU LAJE DE CONCRETO COM EQUIPAMENTO PNEUMÁTICO, INCLUSIVE AFASTAMENTO | D30: M2 | E30: 710.4
A31: 05.06 | B31: SETOP - OBR-VIA-208 | C31: CALÇAMENTO EM BLOQUETE, RETIRADA E REASSENTAMENTO SOBRE COXIM DE AREIA | D31: M2 | E31: 263.2
A32: subtotal do item 05
A33: 06.00 | C33: ESCAVAÇÃO
A34: 06.01 | B34: SINAPI - 73962/4 | C34: ESCAVACAO DE VALA NAO ESCORADA EM MATERIAL DE 1A CATEGORIA COM PROFUNDIDADE DE 1,5 ATE 3M COM RETROESCAVADEIRA 75HP, SEM ESGOTAMENTO | D34: M3 | E34: 13866.48
A35: 06.02 | B35: SINAPI - 73965/001 | C35: ESCAVAÇÃO MANUAL DE VALA, A FRIO, EM MATERIAL DE 2A CATEGORIA (MOLEDO OU ROCHA DECOMPOSTA) ATÉ 1,50M | D35: M3 | E35: 7133.24
A36: 06.03 | B36: SINAPI - 74015/1 | C36: REATERRO E COMPACTACAO MECANICO DE VALA COM COMPACTADOR MANUAL TIPO SOQUETE VIBRATORIO | D36: M3 | E36: =(E34+E35+E37/2)*1.6 -> 38280.96
A37: 06.04 | B37: SINAPI - 79505/2 | C37: ESCAVAÇÃO A FOGO EM MATERIAL DE 3A CATEGORIA, ROCHA VIVA, A CÉU ABERTO, FURAÇÃO A BARRA MINA. | D37: M3 | E37: =1.6*3657.35 -> 5851.76
A38: 06.05 | B38: SINAPI - 79484 | C38: ATERRO MECANIZADO COMPACTADO C/EMPRESTIMO | D38: M3 | E38: =E37*0.6 -> 3511.056
A39: 06.06 | B39: SINAPI - 83867 | C39: ESCORAMENTO DE VALAS TIPO DESCONTINUO | D39: M2 | E39: 14018.8
A40: 06.07 | B40: SINAPI - 83868 | C40: ESCORAMENTO DE VALAS TIPO CONTINUO | D40: M2 | E40: 12383
A41: subtotal do item 06
A42: 07.00 | C42: BERÇO
A43: 07.01 | B43: SINAPI - 73361 | C43: CONCRETO CICLOPICO C/CONC DOS RAC 10 MPA 30% PED DE MAO INCL TRANSP HORIZ C/CARRINHOS ATE 20M E COLOCACAO. | D43: M3 | E43: 1422.17
A44: subtotal do item 07
A45: 08.00 | C45: TUBOS DE CONCRETO
A46: 08.01 | B46: SINAPI - 73724 | C46: ASSENTAMENTO DE TUBOS DE CONCRETO DIAMETRO = 400MM, SIMPLES OU ARMADO, JUNTA EM ARGAMASSA 1:3 CIMENTO:AREIA | D46: m | E46: 4202
A47: 08.02 | B47: SINAPI - 7761 | C47: TUBO CONCRETO ARMADO CLASSE PA-2 PB NBR-8890/2007 DN 400 MM PARA ÁGUAS PLUVIAIS | D47: m | E47: 4202
A48: 08.03 | B48: SINAPI - 73722 | C48: ASSENTAMENTO DE TUBOS DE CONCRETO DIAMETRO = 600MM, SIMPLES OU ARMADO, JUNTA EM ARGAMASSA 1:3 CIMENTO:AREIA | D48: m | E48: 2047
A49: 08.04 | B49: SINAPI - 7762 | C49: TUBO CONCRETO ARMADO CLASSE PA-2 PB NBR-8890/2007 DN 600 MM PARA ÁGUAS PLUVIAIS | D49: m | E49: 2047
A50: 08.05 | B50: SINAPI - 73721 | C50: ASSENTAMENTO DE TUBOS DE CONCRETO DIAMETRO = 1000MM, SIMPLES OU ARMADO, JUNTA EM ARGAMASSA 1:3 CIMENTO:AREIA | D50: m | E50: 89
A51: 08.06 | B51: SINAPI - 12572 | C51: TUBO CONCRETO ARMADO CLASSE PA-3 PB NBR-8890/2007 DN 1000 MM PARA ÁGUAS PLUVIAIS | D51: m | E51: 89
A52: 08.07 | B52: SINAPI - 73720 | C52: ASSENTAMENTO DE TUBOS DE CONCRETO DIAMETRO = 800MM, SIMPLES OU ARMADO, JUNTA EM ARGAMASSA 1:3 CIMENTO:AREIA | D52: m | E52: 1021
A53: 08.08 | B53: SINAPI - 12580 | C53: TUBO CONCRETO ARMADO CLASSE PA-3 PB NBR-8890/2007 DN 800 MM PARA ÁGUAS PLUVIAIS | D53: m | E53: 1021
A54: 08.09 | B54: SINAPI - 73719 | C54: ASSENTAMENTO DE TUBOS DE CONCRETO DIAMETRO = 1200MM, SIMPLES OU ARMADO, JUNTA EM ARGAMASSA 1:3 CIMENTO:AREIA | D54: m | E54: 269
A55: 08.10 | B55: SINAPI - 12574 | C55: TUBO CONCRETO ARMADO CLASSE PA-3 PB NBR-8890/2007 DN 1200 MM PARA ÁGUAS PLUVIAIS | D55: m | E55: 269
A56: subtotal do item 08
A57: 09.00 | C57: BOCA DE LOBO
A58: 09.01 | B58: SINAPI - 73950/1 | C58: CAIXA TIPO BOCA LOBO 30X90X90CM, EM ALV TIJ MACICO 1 VEZ, REVESTIDA COM ARGAMASSA 1:4 CIMENTO:AREIA, SOBRE BASE DE CONCRETO SIMPLES FCK=1 0MPA, COM GRELHA FOFO 135KG, INCLUINDO ESCAVACAO E REATERRO. | D58: UN | E58: 180
A59: subtotal do item 09
A60: 10.00 | C60: POÇO DE VISITA
A61: 10.01 | B61: SINAPI - 74124/1 | C61: POCO VISITA AG PLUV:CONC ARM 1X1X1,40M COLETOR D=40 A 50CM PAREDE E=15CM BASE CONC FCK=10MPA REVEST C/ARG CIM/AREIA 1:4 DEGRAUS FF INCL FORN TODOS MATERIAIS | D61: un | E61: 29
A62: 10.02 | B62: SINAPI - 74124/2 | C62: POCO VISITA AG PLUV:CONC ARM 1,10X1,10X1,40M COLETOR D=60CM PAREDE E=15CM BASE CONC FCK=10MPA REVEST C/ARG CIM/AREIA 1:4 DEGRAUS FF INCL FORN TODOS MATERIAIS | D62: un | E62: 28
A63: 10.03 | B63: SINAPI -74124/4 | C63: POCO VISITA AG PLUV:CONC ARM 1,30X1,30X1,40M COLETOR D=80CM PAREDE E=15CM BASE CONC FCK=10MPA REVEST C/ARG CIM/AREIA 1:4 DEGRAUS FF INCL FORN TODOS MATERIAIS | D63: un | E63: 15
A64: 10.04 | B64: SINAPI -74124/6 | C64: POCO VISITA AG PLUV:CONC ARM 1,50X1,50X1,60M COLETOR D=1M PAREDE E=15CM BASE CONC FCK=10MPA REVEST C/ARG CIM/AREIA 1:4 DEGRAUS FF INCL FORN TODOS MATERIAIS | D64: un | E64: 2
A65: 10.05 | B65: SINAPI -74124/8 | C65: POCO VISITA AG PLUV:CONC ARM 1,70X1,70X1,80M COLETOR D=1,20M PAREDE E=15CM BASE CONC FCK=10MPA REVEST C/ARG CIM/AREIA 1:4 DEGRAUS FF INCL FORN TODOS MATERIAIS | D65: un | E65: 4
A66: subtotal do item 10
A67: 11.00 | C67: CHAMINÉ
A68: 11.01 | B68: SETOP - DRE-CHA-005 | C68: CHAMINÉ DE POÇO DE VISITA TIPO A, EM ALVENARIA DE TIJOLO CERÂMICO MACIÇO E = 20 CM REVESTIDA | D68: UN | E68: 78
A69: subtotal do item 11
A70: 12.00 | C70: TAMPA DE FERRO FUNDIDO
A71: 12.01 | B71: SINAPI - 73606 | C71: ASSENTAMENTO DE TAMPAO DE FERRO FUNDIDO 900 MM | D71: UN | E71: 78
A72: 12.02 | B72: SINAPI - 21075 | C72: TAMPAO FOFO 139KG CARGA MAX 30000KG DIAM ABERT 900MM P/ POCO VISITA DE REDE AGUA PLUVIAL, ESGOTO ETC | D72: UN | E72: 78
A73: subtotal do item 12
A74: 13.00 | C74: LIGAÇÃO DE ÁGUA
A75: 13.01 | B75: SINAPI - 73777/007 | C75: TUBO DE PVC BRANCO ROSQUEÁVEL 3" - FORNECIMENTO E INSTALAÇÃO | D75: M | E75: 1000
A76: 13.02 | B76: SINAPI - 73870/005 | C76: REGISTRO VÁLVULA DE ESFERA EM BRONZE Ø 1.1/2" - FORNECIMENTO E INSTALAÇÃO | D76: UN | E76: 4
A77: 13.03 | B77: SINAPI - 73962/4 | C77: ESCAVACAO DE VALA NAO ESCORADA EM MATERIAL DE 1A CATEGORIA COM PROFUNDIDADE DE 1,5 ATE 3M COM RETROESCAVADEIRA 75HP, SEM ESGOTAMENTO | D77: m³ | E77: 600
A78: 13.04 | B78: SINAPI - 74015/1 | C78: REATERRO E COMPACTACAO MECANICO DE VALA COM COMPACTADOR MANUAL TIPO SOQUETE VIBRATORIO | D78: m³ | E78: 225
A79: subtotal do item 13
A80: 14.00 | C80: RETIRADA DE MATERIAL
A81: 14.01 | B81: SETOP-TRA-CAR-010 | C81: CARGA DE MATERIAL DE QUALQUER NATUREZA SOBRE CAMINHÃO - MECÂNICA | D81: m³ | E81: =(E24+E25*0.3+E29*0.3+E30*0.3+E31*0.3+E34+E35+E37+E85+E92+E93+E94+E99+E105)*1.6 -> 52982.352
A82: 14.02 | B82: SINAPI - 72881 | C82: TRANSPORTE LOCAL COM CAMINHAO BASCULANTE 6 M3, RODOVIA PAVIMENTADA (PARA DISTANCIAS SUPERIORES A 4 KM ) | D82: M3KM | E82: =E81 -> 52982.352
A83: subtotal do item 14
A84: 15.00 | C84: DRENO
A85: 15.01 | B85: SINAPI - 73962/4 | C85: ESCAVACAO DE VALA NAO ESCORADA EM MATERIAL DE 1A CATEGORIA COM PROFUNDIDADE DE 1,5 ATE 3M COM RETROESCAVADEIRA 75HP, SEM ESGOTAMENTO | D85: m³ | E85: 68.48
A86: 15.02 | B86: SINAPI - 75029/001 | C86: TUBO PVC CORRUGADO RIGIDO PERFURADO DN 150 PARA DRENAGEM - FORNECIMENTO E INSTALACAO | D86: M | E86: 83
A87: 15.03 | B87: SINAPI - 74167/001 | C87: FORNECIMENTO/ASSENTAMENTO DE MANTA GEOTEXTIL RT-31 (ANT OP-60) BIDIM | D87: m² | E87: 294.65
A88: 15.04 | B88: SINAPI - 6081 | C88: MATERIAL PARA ATERRO/ REATERRO (BARRO, ARGILA OU SAIBRO) - COM TRANSPORTE ATÉ 10 KM | D88: m³ | E88: 12.45
A89: 15.05 | B89: SINAPI - 73902/001 | C89: CAMADA DRENANTE COM BRITA NUM 3 | D89: m³ | E89: 68.48
A90: subtotal do item 15
A91: 16.00 | C91: TRINCHEIRA DE INFILTRAÇÃO
A92: 16.01 | B92: SINAPI - 73962/4 | C92: ESCAVACAO DE VALA NAO ESCORADA EM MATERIAL DE 1A CATEGORIA COM PROFUNDIDADE DE 1,5 ATE 3M COM RETROESCAVADEIRA 75HP, SEM ESGOTAMENTO | D92: m³ | E92: 1236
A93: 16.02 | B93: SINAPI - 73965/001 | C93: ESCAVAÇÃO MANUAL DE VALA, A FRIO, EM MATERIAL DE 2A CATEGORIA (MOLEDO OU ROCHA DECOMPOSTA) ATÉ 1,50M | D93: m³ | E93: 741.6
A94: 16.03 | B94: SINAPI - 79505/2 | C94: ESCAVAÇÃO A FOGO EM MATERIAL DE 3A CATEGORIA, ROCHA VIVA, A CÉU ABERTO, FURAÇÃO A BARRA MINA. | D94: m³ | E94: 494.4
A95: 16.04 | B95: SINAPI - 74167/001 | C95: FORNECIMENTO/ASSENTAMENTO DE MANTA GEOTEXTIL RT-31 (ANT OP-60) BIDIM | D95: m² | E95: 6911
A96: 16.05 | B96: SINAPI - 73902/001 | C96: CAMADA DRENANTE COM BRITA NUM 3 | D96: m³ | E96: 68.48
A97: subtotal do item 16
A98: 17.00 | C98: DISSIPADOR ENRONCAMENTO
A99: 17.01 | B99: SINAPI - 79505/2 | C99: ESCAVAÇÃO A FOGO EM MATERIAL DE 3A CATEGORIA, ROCHA VIVA, A CÉU ABERTO, FURAÇÃO A BARRA MINA. | D99: m³ | E99: 117.05
A100: 17.02 | B100: SINAPI - 74167/001 | C100: FORNECIMENTO/ASSENTAMENTO DE MANTA GEOTEXTIL RT-31 (ANT OP-60) BIDIM | D100: m³ | E100: 117.05
A101: 17.03 | B101: SINAPI - 73611 | C101: ENROCAMENTO COM PEDRA ARGAMASSADA TRAÇO 1:4 COM PEDRA DE MÃO | D101: m³ | E101: 75
A102: subtotal do item 17
...

Sheet Planilha Analítica
A1: ANEXO XII - MODELO COMPOSIÇÃO CUSTOS UNITÁRIOS (PLANILHA ANALITICA - DEMONSTRAÇÃO PROPOSTA DE PREÇOS) DRENAGEM PLUVIAL CAMPUS JUSCELINO KUBITSCHEK - DIAMANTINA - MG ORÇAMENTO ANALITICO
A2: 01.00 | B2: SETOP - ADM-001 | C2: ADMINISTRAÇÃO LOCAL | D2: UNIDADE | E2: COEFICIENTE | F2: PREÇO UNIT. | G2: SUBTOTAL
A3: 01.01 | B3: CODIGO | C3: DESCRIÇÃO | D3: UN | E3: COEFIC. | F3: PREÇO UNIT. | G3: SUBTOTAL
B4: SETOP -ADM-ENC-005 | C4: ENCARREGADO DE OBRA | D4: Mês | E4: 12
B5: SETOP -ADM-APO-005 | C5: APONTADOR | D5: Mês | E5: 12
B6: SETOP -ADM-ENG-010 | C6: ENGENHEIRO DE OBRAS PLENO - ENG CIVIL | D6: Mês | E6: 12
B7: SETOP -ADM-TEC-010 | C7: TÉCNICO DE SEGURANÇA DO TRABALHO | D7: Mês | E7: 12
B8: SETOP -MST-PCM-005 | C8: PCMAT | D8: Und | E8: 1
B9: SETOP -MST-PCS-005 | C9: PCMSO | D9: Und | E9: 12
B10: SETOP -DES-CES-005 | C10: CESTA BÁSICA | D10: und | E10: 600
B11: SETOP -DES-TRA-005 | C11: TRANSPORTE PESSOAL - VALE TRANSPORTE | D11: und | E11: 24000
B12: SETOP -CON-AGU-015 | C12: CONSUMO DE ÁGUA - OBRAS COM VALOR ACIMA DE 3.000.000,01 | D12: Mês | E12: -12
B13: SETOP -CON-ELE-015 | C13: CONSUMO DE ENERGIA - OBRAS COM VALOR ACIMA DE 3.000.000,01 | D13: Mês | E13: -12
B14: SETOP -CON-ESC-015 | C14: MATERIAL DE ESCRITORIO - OBRAS COM VALOR ACIMA D E 3.000.000,01 | D14: Mês | E14: 12
B15: SETOP -CON-LIM-015 | C15: MATERIAL DELIMPEZA - OBRAS COM VALOR ACIMA DE 3.000.000,01 | D15: Mês | E15: 12
... B28: SETOP -FER-DIS-015 | C28: DISCO PARA SERRA CIRCULAR | D28: und | E28: 150
B29: VALOR TOTAL DO ITEM

Sheet CRONOGRAMA
A1: UNIVERSIDADE FEDERAL DOS VALES DO JEQUITINHONHA E MUCURI DRENAGEM PLUVIAL CAMPUS JUSCELINO KUBITSCHEK - DIAMANTINA - MG CRONOGRAMA
A2: ITEM | B2: DESCRIÇÃO | C2: TOTAL | E2: 1 MÊS | G2: 2 MÊS | I2: 3 MÊS | K2: 4 MÊS | M2: 5 MÊS | O2: 6 MÊS | Q2: 7 MÊS | S2: 8 MÊS | U2: 9 MÊS | W2: 10 MÊS | Y2: 11 MÊS | AA2: 12 MÊS
C3: % | D3: VALOR | E3: % | F3: VALOR | G3: % | H3: VALOR | I3: % | J3: VALOR | K3: % | L3: VALOR | M3: % | N3: VALOR | O3: % | P3: VALOR | Q3: % | R3: VALOR | S3: % | T3: VALOR | U3: % | V3: VALOR | W3: % | X3: VALOR | Y3: % | Z3: VALOR | AA3: % | AB3: VALOR
A4: 1 | B4: ='Planilha Sintética'!C3 -> ADMINISTRAÇÃO LOCAL
A5: 2 | B5: ='Planilha Sintética'!C6 -> MOBILIZAÇÃO E DESMOBILIZAÇÃO
A6: 3 | B6: ='Planilha Sintética'!C9 -> CANTEIRO DE OBRAS
A7: 4 | B7: ='Planilha Sintética'!C20 -> LOCAÇÃO DA OBRA
A8: 5 | B8: ='Planilha Sintética'!C23 -> DEMOLIÇÕES/RETIRADAS E RECOMPOSIÇÕES
A9: 6 | B9: ='Planilha Sintética'!C33 -> ESCAVAÇÃO
A10: 7 | B10: ='Planilha Sintética'!C42 -> BERÇO
A11: 8 | B11: ='Planilha Sintética'!C45 -> TUBOS DE CONCRETO
A12: 9 | B12: ='Planilha Sintética'!C57 -> BOCA DE LOBO
A13: 10 | B13: ='Planilha Sintética'!C60 -> POÇO DE VISITA
A14: 11 | B14: ='Planilha Sintética'!C67 -> CHAMINÉ
A15: 12 | B15: ='Planilha Sintética'!C70 -> TAMPA DE FERRO FUNDIDO
A16: 13 | B16: ='Planilha Sintética'!C74 -> LIGAÇÃO DE ÁGUA
A17: 14 | B17: ='Planilha Sintética'!C80 -> RETIRADA DE MATERIAL
A18: 15 | B18: ='Planilha Sintética'!C84 -> DRENO
A19: 16 | B19: ='Planilha Sintética'!C91 -> TRINCHEIRA DE INFILTRAÇÃO
A20: 17 | B20: ='Planilha Sintética'!C98 -> DISSIPADOR ENRONCAMENTO
A21: 18 | B21: ='Planilha Sintética'!C103 -> GRELHA
A22: 19 | B22: ='Planilha Sintética'!C110 -> ANCORAGEM E CAIXA DE CONTENÇÃO
B25: (R$) SIMPLES
B26: (%) SIMPLES
B28: (R$) ACUMULADO
B29: (%) ACUMULADO
